Match 41644914
Unlisted

Match 41644914
End
Vickers Machine Gun Team
Construct Section Command Post
Selects Heavy Armor Battlegroup
Dingo Light Scout Car
Infantry Section
Infantry Section
Infantry Section
Construct Platoon Command Post
Selects Rigorous Vehicle Training
Selects Light Vehicle Withdraw and Refit
Selects UNKNOWN (202330)
Grenade Package
6-pounder Anti-tank Gun Team
Construct Company Command Post
Infantry Section
Crusader AA Medium Tank
Royal Engineer Section
Selects Forward Repair Assembly
Selects UNKNOWN (2162094)
Selects Recon Artillery
Churchill IV Heavy Tank
Churchill IV Heavy Tank
Armored Vehicle Training
Infantry Training
Unlock Bishop Self-propelled Artillery
Recon Artillery
Royal Engineer Section
Churchill IV Heavy Tank
6-pounder Anti-tank Gun Team
Crusader AA Medium Tank
Recon Artillery
Royal Engineer Section
Royal Engineer Section
Churchill IV Heavy Tank
T.R. Stormjäger
jm707090525
カルト_くん
Demion69
0
0

Comments sign in to comment!

No comments posted yet!